 Dungeon Crawl Stone Soup version 0.17.1-1-g73c8601 (webtiles) character file.

177 Mysteryquy the Chopper (level 5, 0/41 HPs)
             Began as a Demonspawn Fighter on Jan 1, 2016.
             Slain by an orc
             ... wielding a +0 dagger
              (3 damage)
             ... on level 4 of the Dungeon.
             The game lasted 00:05:19 (2741 turns).

Mysteryquy the Chopper (Demonspawn Fighter)         Turns: 2741, Time: 00:05:19

Health: 0/41       AC: 10    Str: 18    XL:     5   Next: 30%
Magic:  5/5        EV:  7    Int:  9    God:
Gold:   71         SH:  8    Dex: 12    Spells: 0 memorised, 4 levels left

rFire  . . .     SeeInvis .     r - +0 broad axe
rCold  . . .     Clarity  .     b - +0 scale mail
rNeg   . . .     SustAt   .     c - +0 shield
rPois  .         Gourm    .     x - +0 helmet
rElec  .         Spirit   .     (no cloak)
rCorr  .         Warding  .     l - +2 pair of gloves
rMut   .         Stasis   .     (no boots)
MR     .....                    (no amulet)
Stlth  ..........               (no ring)
                                (no ring)

@: not resistant to hostile enchantments, extremely unstealthy
A: hooves 1, rot immunity
a: no special abilities


You were on level 4 of the Dungeon.
You were not hungry.

You visited 1 branch of the dungeon, and saw 4 of its levels.

You collected 71 gold pieces.

Inventory:

Hand Weapons
 a - a +0 war axe
 r - a +0 broad axe (weapon)
Armour
 b - a +0 scale mail (worn)
 c - a +0 shield (worn)
 l - a +2 pair of gloves (worn)
 x - a +0 helmet (worn)
Jewellery
 u - an uncursed ring of fire {unknown}
Wands
 s - a wand of flame (18)
Scrolls
 f - 2 scrolls of amnesia {unknown}
 g - 3 scrolls of teleportation {unknown}
 h - a scroll of recharging {unknown}
 i - 3 scrolls of enchant weapon {unknown}
 m - 4 scrolls of identify {unknown}
 n - a scroll of enchant armour {unknown}
 q - a scroll of blinking {unknown}
 w - a scroll of random uselessness {unknown}
 y - a scroll of magic mapping {unknown}
 A - a scroll of remove curse {unknown}
Potions
 d - a potion of might
 j - a potion of invisibility {unknown}
 k - a potion of haste {unknown}
 o - a potion of ambrosia {unknown}
 t - a potion of brilliance {unknown}
 v - a potion of degeneration {unknown}
Comestibles
 e - 3 bread rations
 p - 2 meat rations
 z - a fruit


   Skills:
 - Level 3.0 Fighting
 + Level 5.1 Axes
 - Level 2.6 Armour
 - Level 2.6 Shields


You had 4 spell levels left.
You didn't know any spells.

Dungeon Overview and Level Annotations

Branches:
Dungeon (4/15)
 Temple: D:4-7

Altars:


Innate Abilities, Weirdness & Mutations

You have large cloven feet.
You are immune to rotting.


Message History

Something hits you but does no damage. x2
You miss something. Your kick misses something.
Something hits you but does no damage.
You hear some strange, mumbled words.
A puff of flame appears from out of thin air!
The puff of flame hits you!
* * * LOW HITPOINT WARNING * * *
You hear some strange, mumbled words.
A puff of frost appears from out of thin air!
The puff of frost hits you!
You hit something.
Reactivating autopickup.
Your Axes skill increases to level 5!
You feel a bit more experienced.
Unknown command.
You hit the orc but do no damage. You kick the orc, but do no damage.
The orc hits you with a dagger.
* * * LOW HITPOINT WARNING * * *
The orc hits you with a dagger.
You die...

#.#
#####.###.
#.# ###.#
#.# #...#
#.# #.###
#.# #.#
#o# #.#
#o# #<#
#o# #.#
#@# #.#
#.# #.#
#.# #.#
#.# ...
#.. #.#
#.. #.#
#.## #..
#..


You could see 3 orcs.

Vanquished Creatures
  2 orc wizards (D:4)
  Jessica (D:2)
  2 adders (D:2)
  3 oozes
  A worm (D:3)
  3 giant geckos
  An orc (D:3)
  3 giant cockroaches (D:1)
  9 goblins
  8 hobgoblins
  2 kobolds (D:2)
  2 ball pythons
  12 bats
  4 giant newts
  5 jackals
  A jackal skeleton (D:3)
  8 rats
67 creatures vanquished.

Notes
Turn   | Place    | Note
--------------------------------------------------------------
     0 | D:1      | Mysteryquy the Demonspawn Fighter began the quest for the Orb.
     0 | D:1      | Reached XP level 1. HP: 18/18 MP: 1/1
   349 | D:1      | Gained mutation: You have large cloven feet. [demonic ancestry]
   349 | D:1      | Reached XP level 2. HP: 24/24 MP: 2/2
  1180 | D:2      | Reached XP level 3. HP: 29/29 MP: 3/3
  1328 | D:2      | Noticed Jessica
  1338 | D:2      | Killed Jessica
  1338 | D:2      | Reached skill level 4 in Axes
  1338 | D:2      | Reached XP level 4. HP: 15/35 MP: 4/4
  2722 | D:4      | Gained mutation: You are immune to rotting. [demonic ancestry]
  2722 | D:4      | Reached XP level 5. HP: 33/41 MP: 5/5
  2740 | D:4      | Reached skill level 5 in Axes
  2741 | D:4      | Slain by an orc

Action                   |  1- 3 |  4- 6 || total
-------------------------+-------+-------++-------
Melee: War axe           |    94 |       ||    94
       Broad axe         |     3 |   110 ||   113
  Eat: Chunk             |     1 |     5 ||     6
